 Dungeon Crawl Stone Soup version 0.18.1-48-g4cf74bf (webtiles) character file.

194 Antonin the Sneak (level 5, -4/36 HPs)
             Began as an Octopode Assassin on Aug 30, 2016.
             Was an Initiate of Dithmenos.
             Slain by an orc
             ... wielding a +0 mace
              (7 damage)
             ... on level 3 of the Dungeon.
             The game lasted 00:10:02 (2311 turns).

Antonin the Sneak (Octopode Assassin)               Turns: 2311, Time: 00:10:03

Health: -4/36      AC:  1    Str: 10    XL:     5   Next: 73%
Magic:  5/5        EV: 18    Int: 14    God:    Dithmenos [......]
Gold:   107        SH:  0    Dex: 19    Spells: 0 memorised, 4 levels left

rFire  x . .     SeeInvis .     a - +2 dagger
rCold  + . .     Gourm    .     (no shield)
rNeg   . . .     Faith    .     (helmet restricted)
rPois  .         Spirit   .     t - +5 amulet of reflection
rElec  .         Dismiss  .     l - ring of ice
rCorr  .         Reflect  +     (no ring)
SustAt .         Harm     .     (no ring)
MR     .....                    (no ring)
Stlth  ++++......               (no ring)
                                (no ring)
                                (no ring)
                                (no ring)

@: confused, agile, lethally poisoned (-4 -> -12), not resistant to hostile
enchantments, stealthy
A: almost no armour, amphibious, 8 rings, constrict 8, camouflage 1, gelatinous
body 1
a: Renounce Religion


You were on level 3 of the Dungeon.
You worshipped Dithmenos.
Dithmenos was noncommittal.
You were not hungry.

You visited 1 branch of the dungeon, and saw 3 of its levels.

You collected 107 gold pieces.

Inventory:

Hand Weapons
 a - a +2 dagger (weapon)
 b - a +0 blowgun
Missiles
 c - 21 poisoned needles
 d - 2 curare-tipped needles
Jewellery
 l - a ring of ice (left tentacle)
 t - a +5 amulet of reflection (around mantle)
Scrolls
 i - 2 scrolls of recharging {unknown}
 k - a scroll of amnesia {unknown}
 m - 2 scrolls of blinking {unknown}
 n - a scroll of immolation {unknown}
 o - a scroll of noise {unknown}
 q - 2 scrolls of enchant armour {unknown}
 r - a scroll of random uselessness {unknown}
 s - a scroll of magic mapping {unknown}
Potions
 p - a potion of brilliance {unknown}
Comestibles
 f - 5 bread rations
 g - a meat ration
 h - a beef jerky
 j - 4 fruits


   Skills:
 + Level 2.8 Fighting
 + Level 3.2 Short Blades
 - Level 2.0 Throwing
 + Level 2.3 Dodging
 * Level 7.4 Stealth


You had 4 spell levels left.
You didn't know any spells.

Dungeon Overview and Level Annotations

Branches:
Dungeon (3/15)

Altars:
Dithmenos
Fedhas


Innate Abilities, Weirdness & Mutations

You cannot wear most types of armour.
You are amphibious.
You can wear up to eight rings at the same time.
You can use your tentacles to constrict eight enemies at once.
Your skin changes colour to match your surroundings (Stealth).
Your rubbery body absorbs attacks (AC +1).


Message History

The puff of flame hits you! The fire burns you terribly!
Ouch! That really hurt!
* * * LOW HITPOINT WARNING * * *
The orc completely misses you.
You feel sick.
You hear some strange, mumbled words.
You are confused.
The orc completely misses you.
You feel sick. Something hits you.
* * * LOW HITPOINT WARNING * * *
You are lethally poisoned!
The orc hits you with a mace.
* * * LOW HITPOINT WARNING * * *
Drink which item? (? for menu, Esc to quit)
It was a potion of agility.
You feel agile all of a sudden.
* * * LOW HITPOINT WARNING * * *
You feel sick. Something closely misses you. The orc hits you with a mace!
You die...

#..##.####.......#
#.##........
##.##...##.......#
####........
#..#.#.##.......######
#........
##.#.....##+##.......#
#........ #.#.###.#
#)......# #........
#..## #.# #.......#
######### ##.####.#
#.......# #...##)#
#.oo....# #...##.#
#.@o....# #...##.#
#..{....# #...##.#
#.....†.......
##'###.#
######'####### #.# #..
#.<......# #.# #..
#........+ #.#
#........# #.##
#........# #..#
#........#


You could see 3 orcs.

Vanquished Creatures
  An orc wizard (D:3)
  Ijyb (D:2)
  3 gnolls (D:2)
  3 adders
  2 oozes
  A worm (D:2)
  A giant gecko (D:1)
  5 orcs (D:3)
  3 ball pythons (D:2)
  9 bats
  5 giant cockroaches
  7 goblins
  8 hobgoblins
  5 jackals
  2 giant newts
  5 kobolds
  8 rats
69 creatures vanquished.

Notes
Turn   | Place    | Note
--------------------------------------------------------------
     0 | D:1      | Antonin the Octopode Assassin began the quest for the Orb.
     0 | D:1      | Reached XP level 1. HP: 14/14 MP: 1/1
    91 | D:1      | Reached XP level 2. HP: 11/19 MP: 2/2
   451 | D:1      | Reached skill level 6 in Stealth
   451 | D:1      | Reached XP level 3. HP: 20/24 MP: 3/3
   860 | D:2      | Reached XP level 4. HP: 11/30 MP: 4/4
  1157 | D:2      | Noticed Ijyb
  1165 | D:2      | Killed Ijyb
  1688 | D:2      | Found a blossoming altar of Fedhas.
  1705 | D:2      | Reached skill level 7 in Stealth
  1705 | D:2      | Reached XP level 5. HP: 28/35 MP: 5/5
  1823 | D:2      | Found a shadowy altar of Dithmenos.
  1836 | D:2      | Became a worshipper of Dithmenos the Shadowed
  2311 | D:3      | Slain by an orc

Skill      XL: |  1  2  3  4  5 |
---------------+----------------+-----
Stealth        | 6 7 |  7.4
Dodging        | 2 |  2.3
Short Blades   | 3 |  3.2
Fighting       | |  2.8
Throwing       | |  2.0

Action                   |  1- 3 |  4- 6 || total
-------------------------+-------+-------++-------
Melee: Dagger            |    61 |    81 ||   142
       Tentacles         |    10 |    18 ||    28
       Constrict         |    10 |    17 ||    27
  Use: Potion            |       |     1 ||     1
 Stab: Sleeping          |    12 |    12 ||    24
  Eat: Chunk             |       |     4 ||     4
Armor: Skin              |     6 |     9 ||    15
Dodge: Dodged            |    29 |    45 ||    74
Block: Other             |       |     1 ||     1
